 Dungeon Crawl Stone Soup version 0.22.0-16-gc6d26f6 (webtiles) character file.

6538 shmeve the Fighter (level 10, -10/142 HPs)
             Began as a Minotaur Berserker on Aug 17, 2018.
             Was a High Priest of Trog.
             Mangled by a 12-headed hydra (11 damage)
             ... on level 11 of the Dungeon.
             The game lasted 00:19:28 (8056 turns).

shmeve the Fighter (Minotaur Berserker)             Turns: 8056, Time: 00:19:29

Health: -10/142    AC: 14    Str: 29    XL:     10   Next: 70%
Magic:  9/9        EV: 11    Int:  4    God:    Trog [*****.]
Gold:   638        SH:  0    Dex: 11    Spells: 9/9 levels left

rFire    . . .     SeeInvis +   C - +2 war axe (freeze)
rCold    . . .     Gourm    .   (no shield)
rNeg     + . .     Faith    +   g - +0 plate armour
rPois    .         Spirit   .   (helmet restricted)
rElec    .         Reflect  .   b - +0 cloak
rCorr    .         Harm     .   (no gloves)
MR       .....                  (no boots)
Stlth    ..........             J - amulet of faith
HPRegen  0.33/turn              i - ring of see invisible
MPRegen  0.11/turn              l - ring of positive energy

@: berserking, very quick
A: retaliatory headbutt, horns 2
a: Berserk, Trog's Hand, Brothers in Arms, Renounce Religion


You were on level 11 of the Dungeon.
You worshipped Trog.
Trog was extremely pleased with you.
You were not hungry.

You visited 1 branch of the dungeon, and saw 11 of its levels.

You collected 638 gold pieces.

Inventory:

Hand Weapons
 C - a +2 war axe of freezing (weapon)
Missiles
 q - 6 javelins (quivered)
 y - 5 tomahawks of returning
 B - 2 throwing nets
 K - 7 poisoned javelins
 L - 7 silver javelins
Armour
 a - a +1 chain mail of fire resistance
 b - a +0 cloak (worn)
 g - a +0 plate armour (worn)
Jewellery
 i - a ring of see invisible (left hand)
 l - a ring of positive energy (right hand)
 J - an amulet of faith (around neck)
Wands
 G - a wand of digging (10)
Scrolls
 f - 12 scrolls of identify {unknown}
 k - a scroll of noise {unknown}
 m - 3 scrolls of remove curse {unknown}
 v - 5 scrolls of immolation {unknown}
 w - 2 scrolls of enchant weapon {unknown}
 x - 4 scrolls of teleportation {unknown}
 z - a scroll of silence {unknown}
 E - a scroll of magic mapping {unknown}
 F - a scroll of blinking {unknown}
 I - a scroll of fog {unknown}
Potions
 d - 3 potions of lignification {unknown}
 e - 3 potions of brilliance {unknown}
 h - 3 potions of might {unknown}
 j - a potion of mutation {unknown}
 n - 2 potions of ambrosia {unknown}
 o - 3 potions of curing {unknown}
 p - a potion of invisibility {unknown}
 r - a potion of heal wounds {unknown}
 s - 2 potions of haste {unknown}
 t - a potion of cancellation {unknown}
 u - 2 potions of flight {unknown}
 A - a potion of degeneration {unknown}
 D - a potion of agility {unknown}
 H - a potion of resistance {unknown}
Comestibles
 c - 14 rations
 M - 5 chunks of flesh


   Skills:
 * Level 11.0 Fighting
 * Level 10.9 Axes
 + Level 6.0 Throwing
 + Level 7.7 Armour
 + Level 7.1 Dodging


You had 9 spell levels left.
You didn't know any spells.
Your spell library was empty.

Dungeon Overview and Level Annotations

Branches:
Dungeon (11/15)            Temple (0/1) D:6            Lair (0/6) D:10
    Orc: D:9-12

Altars:
Makhleb
Nemelex Xobeh
Okawaru
Qazlal
Trog
Vehumet
Wu Jian


Innate Abilities, Weirdness & Mutations

You reflexively headbutt those who attack you in melee.
You have a pair of horns on your head.


Message History

The troll claws you!
* * * LOW HITPOINT WARNING * * *
The troll closely misses you.
You barely miss the 12-headed hydra.
The 12-headed hydra is severely wounded.
You closely miss the troll.
An orc comes into view. It is wielding an enchanted flail.
The troll bites you but does no damage. The troll barely misses you.
The troll claws you but does no damage.
The 12-headed hydra bites you but does no damage.
The 12-headed hydra bites you!
* * * LOW HITPOINT WARNING * * *
The 12-headed hydra bites you but does no damage. x2
The 12-headed hydra misses you. The 12-headed hydra bites you.
* * * LOW HITPOINT WARNING * * *
The 12-headed hydra bites you.
* * * LOW HITPOINT WARNING * * *
The 12-headed hydra bites you but does no damage.
The 12-headed hydra barely misses you. The 12-headed hydra bites you!
You die...

... ..
.##+######.
(.........#
......)...#
o.....o...#
..o.(.DT..#
###+####@#
#........#
#........#
#....##..#
#....##..##
#.........#
###.......#
#.#.))....#
######.#.......#


You could see a 12-headed hydra, a troll and 3 orcs.

Vanquished Creatures
  Joseph (D:7)
  2 trolls
  Grinder (D:3)
  2 hornets (D:8)
  Prince Ribbit (D:7)
  Sigmund (D:3)
  2 wyverns
  Eustachio (D:4)
  3 hungry ghosts
  A steam dragon (D:10)
  Edmund (D:4)
  A water moccasin (D:9)
  A soldier ant (D:8)
  3 orc warriors
  4 sky beasts
  An ice beast (D:9)
  6 ogres
  A centaur (D:9)
  A crocodile (D:7)
  2 big kobolds (D:10)
  5 bullfrogs
  5 scorpions
  4 killer bees (D:8)
  2 howler monkeys
  A centaur zombie (D:7)
  5 crimson imps
  4 orc priests
  A jelly (D:10)
  4 hounds
  3 iguanas
  6 orc wizards
  A centaur skeleton (D:9)
  Ijyb (D:4)
  7 worker ants
  A hound zombie (D:8)
  A howler monkey zombie (D:9)
  A worker ant zombie (D:10)
  A gnoll (D:1)
  7 adders
  A shadow imp (D:5)
  An ooze (D:7)
  An adder zombie (D:6)
  A worm (D:8)
  2 dart slugs
  5 leopard geckos
  23 orcs
  4 giant cockroaches
  9 goblins
  16 hobgoblins
  9 jackals
  22 kobolds
  3 quokkas
  2 ball pythons
  8 bats
  3 frilled lizards
  A giant cockroach zombie (D:5)
  A jackal skeleton (D:4)
  4 rats
212 creatures vanquished.

Notes
Turn   | Place    | Note
-------+----------+-------------------------------------------
     0 | D:1      | shmeve the Minotaur Berserker began the quest for the Orb.
     0 | D:1      | Reached XP level 1. HP: 19/19 MP: 0/0
   244 | D:1      | Reached XP level 2. HP: 27/27 MP: 1/1
   304 | D:1      | Reached skill level 4 in Fighting
   360 | D:1      | Reached XP level 3. HP: 32/33 MP: 2/2
   650 | D:1      | Reached ** piety under Trog
   681 | D:1      | Reached skill level 1 in Throwing
   760 | D:2      | Found a bloodstained altar of Trog.
   895 | D:2      | Found a sparkling altar of Nemelex Xobeh.
  1122 | D:2      | Reached XP level 4. HP: 41/41 MP: 3/3
  1269 | D:3      | Noticed Grinder
  1300 | D:3      | Paralysed by Grinder for 3 turns
  1312 | D:3      | Killed Grinder
  1312 | D:3      | Reached skill level 5 in Fighting
  1312 | D:3      | Reached skill level 5 in Axes
  1312 | D:3      | Reached XP level 5. HP: 35/48 MP: 4/4
  1312 | D:3      | Reached XP level 6. HP: 41/56 MP: 5/5
  1627 | D:3      | Noticed Sigmund
  1637 | D:3      | Killed Sigmund
  1733 | D:3      | Reached *** piety under Trog
  1753 | D:3      | Noticed an air elemental
  1755 | D:3      | Found a stormy altar of Qazlal.
  1756 | D:3      | Noticed a fire elemental
  1756 | D:3      | Noticed a water elemental
  2063 | D:4      | Reached skill level 6 in Fighting
  2063 | D:4      | Reached XP level 7. HP: 50/63 MP: 6/6
  2198 | D:4      | Noticed Edmund
  2228 | D:4      | Killed Edmund
  2262 | D:4      | Noticed Eustachio
  2290 | D:4      | Killed Eustachio
  2518 | D:4      | Noticed Ijyb
  2524 | D:4      | Killed Ijyb
  2761 | D:5      | Entered Level 5 of the Dungeon
  2926 | D:5      | Reached XP level 8. HP: 69/71 MP: 7/7
  2997 | D:5      | Reached skill level 7 in Fighting
  3133 | D:5      | Reached skill level 5 in Armour
  4038 | D:6      | Reached **** piety under Trog
  4038 | D:6      | Reached skill level 5 in Dodging
  4063 | D:6      | Found a staircase to the Ecumenical Temple.
  4135 | D:6      | Reached skill level 8 in Fighting
  4468 | D:7      | Noticed a troll
  4477 | D:7      | Killed a troll
  4477 | D:7      | Reached XP level 9. HP: 78/82 MP: 8/8
  4479 | D:7      | Received a gift from Trog
  4661 | D:7      | Noticed Prince Ribbit
  4661 | D:7      | Noticed Joseph
  4679 | D:7      | Killed Joseph
  4679 | D:7      | Reached skill level 9 in Fighting
  5105 | D:7      | Found a bloodstained altar of Trog.
  5435 | D:7      | Killed Prince Ribbit
  5497 | D:8      | Reached skill level 5 in Throwing
  5619 | D:8      | Paralysed by a hornet for 1 turns
  5629 | D:8      | Reached XP level 10. HP: 73/93 MP: 9/9
  5895 | D:8      | Reached skill level 10 in Fighting
  5993 | D:8      | Reached skill level 10 in Axes
  6250 | D:8      | Found an iron altar of Okawaru.
  6250 | D:8      | Found an ornate altar of the Wu Jian Council.
  6251 | D:8      | Found a radiant altar of Vehumet.
  6513 | D:9      | Reached ***** piety under Trog
  6732 | D:9      | Found a burning altar of Makhleb.
  7100 | D:10     | Entered Level 10 of the Dungeon
  7140 | D:10     | Received a gift from Trog
  7215 | D:10     | Received a gift from Trog
  7513 | D:10     | Found an iron altar of Okawaru.
  7594 | D:10     | Found a staircase to the Lair.
  7821 | D:11     | Received a gift from Trog
  7821 | D:11     | Reached skill level 11 in Fighting
  8045 | D:11     | Noticed an eight-headed hydra
  8056 | D:11     | HP: 7/142 [12-headed hydra (9)]
  8056 | D:11     | HP: 1/142 [12-headed hydra (5)]
  8056 | D:11     | Mangled by a 12-headed hydra

Skill      XL: |  1  2  3  4  5  6  7  8  9 10 |
---------------+-------------------------------+-----
Fighting       | 4 5 6 8 9 11 | 11.0
Axes           | 4 5 6 8 9 10 | 10.9
Throwing       | 1 2 3 4 5 6 |  6.0
Armour         | 3 4 5 6 7 |  7.7
Dodging        | 3 4 5 6 7 |  7.1

Action                   |  1- 3 |  4- 6 |  7- 9 | 10-12 || total
-------------------------+-------+-------+-------+-------++-------
Melee: Hand axe          |    85 |    69 |    49 |       ||   203
       Headbutt          |    19 |    13 |    45 |    28 ||   105
       War axe           |       |       |   199 |   136 ||   335
Throw: Stone             |       |     7 |    18 |       ||    25
       Javelin           |       |       |    26 |    16 ||    42
Invok: Trog's Hand       |       |     1 |       |       ||     1
       Berserk           |       |     1 |     3 |     2 ||     6
  Eat: Chunk             |     1 |     3 |    17 |    12 ||    33
       Ration            |       |       |       |     1 ||     1
Armor: Animal skin       |     3 |       |       |       ||     3
       Plate armour      |    84 |    37 |   155 |   100 ||   376
Dodge: Dodged            |    47 |    26 |   156 |    98 ||   327
